[Event "Titled Tuesday Blitz April 18 Late 2023"]
[White "Terry, Renato"]
[Black "Naroditsky, Daniel"]
[WhiteFideId "3803457"]
[BlackFideId "2026961"]
[WhiteElo "2575"]
[BlackElo "2633"]
[Result "1-0"]
[Round "08"]
[TimeControl "180+2"]
[Date "2023.04.18"]
[WhiteClock "0:01:24"]
[BlackClock "0:00:10"]

1. d4 d6 2. Nf3 Bg4 3. e4 Nf6 4. Nc3 e6 5. h3 Bh5 6. Bd3 Be7 7. g4 Bg6 8. Qe2 c6 9. h4 h5 10. g5 Nfd7 11. Bf4 Qa5 12. e5 Bxd3 13. Qxd3 dxe5 14. Nxe5 Nxe5 15. Bxe5 Nd7 16. Bxg7 Rg8 17. Qh7 O-O-O 18. O-O-O Bb4 19. Rh3 Bxc3 20. Rxc3 Qxa2 21. Ra3 Qd5 22. Rxa7 Kb8 23. Ra3 e5 24. Qh6 Rge8 25. Qxh5 exd4 26. Bxd4 Qf5 27. Qf3 Qe6 28. Qg3+ Ne5 29. Bxe5+ 1-0


[Site "https://www.chess.com"]

[Event "Titled Tuesday Blitz April 18 Late 2023"]
[White "Martinez Alcantara, Jose Eduardo"]
[Black "Eljanov, Pavel"]
[WhiteFideId "3805662"]
[BlackFideId "14102951"]
[WhiteElo "2711"]
[BlackElo "2598"]
[Result "0-1"]
[Round "08"]
[TimeControl "180+2"]
[Date "2023.04.18"]
[WhiteClock "0:01:32"]
[BlackClock "0:01:22"]

1. e4 c6 2. d4 d5 3. e5 Bf5 4. h4 h5 5. Bd3 Bxd3 6. Qxd3 Qa5+ 7. b4 Qxb4+ 8. Nd2 e6 9. Rb1 Qe7 10. c4 Nh6 11. Ne2 Nf5 12. Ng3 Nxh4 13. Rxh4 Qxh4 14. cxd5 cxd5 15. Rxb7 Nd7 16. Qb5 Qd8 17. Nb3 Rb8 18. Bd2 Rxb7 19. Qxb7 h4 20. Ne2 Be7 21. Qxa7 O-O 22. Na5 Qc8 23. Nc3 Bb4 24. Nd1 Bxd2+ 25. Kxd2 Qa8 26. Qxd7 Qxa5+ 27. Nc3 Rb8 28. Qc6 Kh7 29. a4 Rb2+ 30. Kd3 Rxf2 31. Qb5 Qxb5+ 32. axb5 Rxg2 33. Na4 h3 34. b6 h2 35. b7 h1=Q 36. b8=Q Qh3# 0-1


[Site "https://www.chess.com"]

[Event "Titled Tuesday Blitz April 18 Late 2023"]
[White "Firouzja, Alireza"]
[Black "Pichot, Alan"]
[WhiteFideId "12573981"]
[BlackFideId "110973"]
[WhiteElo "2904"]
[BlackElo "2573"]
[Result "1-0"]
[Round "08"]
[TimeControl "180+2"]
[Date "2023.04.18"]
[WhiteClock "0:01:54"]
[BlackClock "0:01:22"]

1. d4 Nf6 2. c4 e6 3. g3 d5 4. Bg2 Be7 5. Nf3 O-O 6. O-O dxc4 7. Qc2 a6 8. a4 Bd7 9. Qxc4 Bc6 10. Bf4 a5 11. Re1 Na6 12. Nc3 Nb4 13. Qb3 Bd6 14. Bg5 h6 15. Bxf6 Qxf6 16. e4 Qg6 17. Rad1 Rfd8 18. Nh4 Qh5 19. Bf3 Qg5 20. e5 Be7 21. Ne4 Bxe4 22. Bxe4 c5 23. f4 Qg4 24. Bf3 Qh3 25. Bg2 Qg4 26. h3 c4 27. Qc3 1-0


[Site "https://www.chess.com"]

[Event "Titled Tuesday Blitz April 18 Late 2023"]
[White "Lazavik, Denis"]
[Black "Paravyan, David"]
[WhiteFideId "13515110"]
[BlackFideId "4194985"]
[WhiteElo "2560"]
[BlackElo "2563"]
[Result "0-1"]
[Round "08"]
[TimeControl "180+2"]
[Date "2023.04.18"]
[WhiteClock "0:00:04"]
[BlackClock "0:00:04"]

1. d4 e6 2. c4 c5 3. d5 d6 4. Nc3 g6 5. e4 Bg7 6. Bd3 Ne7 7. Nf3 O-O 8. h3 h6 9. Be3 a6 10. a4 exd5 11. cxd5 Nd7 12. Qd2 g5 13. h4 g4 14. Nh2 Ne5 15. Be2 Kh7 16. f4 gxf3 17. gxf3 f5 18. f4 Nf7 19. e5 dxe5 20. Bxc5 Nd6 21. h5 Qc7 22. Ba3 b5 23. Rc1 Qd7 24. Nf3 exf4 25. Qxf4 Ne4 26. Ne5 Qe8 27. Ng6 Bxc3+ 28. bxc3 Nxd5 29. Nxf8+ Qxf8 30. Bxf8 Nxf4 31. Rg1 Ng5 32. Be7 Nfe6 33. Bxg5 Nxg5 34. axb5 axb5 35. Kf2 Ra2 36. Ke3 f4+ 37. Kxf4 Rxe2 38. Rge1 Rf2+ 39. Ke3 Rf3+ 40. Kd4 Be6 41. Ra1 Rf4+ 42. Kc5 Bc4 43. Ra7+ Nf7 44. Ree7 Rf5+ 45. Kd4 Kg7 46. Ra6 Rxh5 47. Rc7 Rf5 48. Rcc6 Rg5 49. Rf6 h5 50. Rfb6 h4 51. Ra1 h3 52. Rh1 Rh5 53. Ke3 Ne5 54. Kf4 Ng6+ 55. Kg3 Bd5 56. Rxh3 Rg5+ 57. Kf2 Nf4 58. Rg3 Rxg3 59. Kxg3 Ne2+ 60. Kf2 Nxc3 61. Ke3 Bc4 62. Kd4 Na4 63. Rb7+ Kf6 64. Ra7 Bf1 65. Rh7 Ke6 66. Rh6+ Kd7 67. Rf6 Be2 68. Rh6 Kc7 69. Rg6 Kb7 70. Rh6 Bc4 71. Rg6 Bb3 72. Rh6 Bc4 73. Rg6 Kc7 74. Rh6 Be2 75. Re6 Bd1 76. Rh6 Bb3 77. Rg6 Kd7 78. Rh6 Be6 79. Ke5 Nc5 80. Kd4 Kd6 81. Rg6 b4 82. Rg5 Nb3+ 83. Kd3 Nc5+ 84. Kd4 Nb3+ 85. Kd3 Bd5 86. Rh5 Na5 87. Kd4 Nc6+ 88. Kd3 Kc5 89. Rh8 Ne5+ 90. Kc2 Be4+ 91. Kb3 Bd5+ 92. Kc2 Nc6 93. Rc8 Kb5 94. Kb2 Bc4 95. Rc7 Kc5 96. Rc8 Bd5 97. Rc7 Kd4 98. Rd7 Ne5 99. Rc7 Nd3+ 100. Kc2 b3+ 101. Kd2 Ne5 102. Rc8 Nc4+ 103. Kc1 b2+ 0-1


[Site "https://www.chess.com"]

[Event "Titled Tuesday Blitz April 18 Late 2023"]
[White "Anton Guijarro, David"]
[Black "Pranav, V"]
[WhiteFideId "2285525"]
[BlackFideId "25060783"]
[WhiteElo "2618"]
[BlackElo "2500"]
[Result "1/2-1/2"]
[Round "08"]
[TimeControl "180+2"]
[Date "2023.04.18"]
[WhiteClock "0:00:08"]
[BlackClock "0:00:06"]

1. d4 Nf6 2. Nf3 e6 3. Bg5 h6 4. Bxf6 Qxf6 5. e4 d6 6. Nc3 Nd7 7. a4 g6 8. a5 a6 9. Bc4 Bg7 10. O-O O-O 11. Qd2 e5 12. Nd5 Qd8 13. c3 Re8 14. Rfe1 Nf6 15. dxe5 dxe5 16. Rad1 Bg4 17. Qe3 Qc8 18. Nxf6+ Bxf6 19. Qxh6 Be6 20. Bxe6 Qxe6 21. Ng5 Bxg5 22. Qxg5 Qb3 23. Rd2 Qb5 24. h4 Kg7 25. Re3 Re6 26. b4 Rh8 27. g3 b6 28. Rd5 Qa4 29. Kg2 bxa5 30. Rxa5 Qc2 31. Rd5 Rf6 32. Rf3 Rxf3 33. Kxf3 Qxc3+ 34. Kg2 Re8 35. h5 Qc4 36. h6+ Kh7 37. Rxe5 Rf8 38. Qf6 Rg8 39. Re7 Kxh6 40. Qxf7 Qxf7 41. Rxf7 Re8 42. f3 Rb8 43. Rxc7 Rxb4 44. Ra7 Ra4 45. e5 Kg5 46. Rf7 Ra2+ 47. Kh3 a5 48. f4+ Kh6 49. Ra7 a4 50. Kg4 a3 51. Kf3 Ra1 52. Kf2 a2 53. Kg2 Kh5 54. Ra6 g5 55. f5 Re1 56. Rxa2 Rxe5 57. Rf2 g4 58. f6 Re8 59. f7 Rf8 60. Kf1 Kg6 61. Ke2 Rxf7 62. Rxf7 Kxf7 63. Ke3 Kf6 64. Kf4 Kg7 65. Kg5 Kh7 66. Kxg4 Kg6 67. Kf4 Kf6 68. g4 Kg6 69. g5 Kg7 70. g6 Kxg6 1/2-1/2


[Site "https://www.chess.com"]

[Event "Titled Tuesday Blitz April 18 Late 2023"]
[White "Rasulov, Vugar"]
[Black "Llorente Zaro, Alfonso"]
[WhiteFideId "13402390"]
[BlackFideId "2254131"]
[WhiteElo "2509"]
[BlackElo "2485"]
[Result "1-0"]
[Round "08"]
[TimeControl "180+2"]
[Date "2023.04.18"]
[WhiteClock "0:00:13"]
[BlackClock "0:00:05"]

1. e4 d6 2. d4 Nf6 3. Nc3 e5 4. Nf3 Nbd7 5. g3 c6 6. a4 b6 7. a5 Rb8 8. axb6 axb6 9. Bg2 b5 10. O-O Bb7 11. Nh4 g6 12. d5 b4 13. dxc6 Bxc6 14. Nd5 Nxd5 15. exd5 Bb5 16. Re1 Be7 17. Qg4 b3 18. c4 Nf6 19. Qe2 Bd7 20. Nf3 Bg4 21. Bh6 Nd7 22. Ra7 Ra8 23. Rxa8 Qxa8 24. Qe3 Bxf3 25. Bxf3 f5 26. Qxb3 Kf7 27. Qc2 Qa2 28. g4 e4 29. Bxe4 fxe4 30. Qxe4 Ne5 31. Qf4+ Ke8 32. Bg7 Nd3 33. Rxe7+ Kxe7 34. Qf6+ Kd7 35. Bxh8 Qb1+ 36. Kg2 Ne1+ 37. Kg3 Qd3+ 38. f3 Qf1 39. Qe6+ Kc7 40. Qe7+ Kc8 41. Qe8+ Kc7 42. Qc6+ Kb8 43. Qxd6+ Ka8 44. Qc6+ Ka7 45. Bd4+ Kb8 46. Qb6+ Kc8 47. Qa6+ Kb8 48. Be5# 1-0


[Site "https://www.chess.com"]

[Event "Titled Tuesday Blitz April 18 Late 2023"]
[White "Moussard, Jules"]
[Black "Gaehwiler, Gabriel"]
[WhiteFideId "642908"]
[BlackFideId "1314530"]
[WhiteElo "2610"]
[BlackElo "2437"]
[Result "1-0"]
[Round "08"]
[TimeControl "180+2"]
[Date "2023.04.18"]
[WhiteClock "0:00:39"]
[BlackClock "0:00:03"]

1. e4 c5 2. Nf3 d6 3. d4 cxd4 4. Nxd4 Nf6 5. Nc3 a6 6. g3 e5 7. Nde2 Be6 8. Bg2 Be7 9. O-O b5 10. a4 b4 11. Nd5 a5 12. c3 bxc3 13. Nexc3 O-O 14. Be3 Nbd7 15. Nb5 Ng4 16. Bd2 Nc5 17. Ndc7 Nf6 18. Nxa8 Qxa8 19. Bg5 Rd8 20. Re1 Bb3 21. Qe2 Bxa4 22. Nc7 Qb7 23. Bxf6 Qxc7 24. Bxe7 Qxe7 25. Qe3 Rb8 26. Qc3 Qa7 27. h4 Rb3 28. Qd2 Rd3 29. Qg5 f6 30. Qg4 Rd2 31. Re2 Bd7 32. Qf3 Rd3 33. Re3 Rd2 34. Rd1 Rxb2 35. Rxd6 a4 36. Bf1 Be6 37. Rc3 Qe7 38. Rc6 Nd7 39. Rxe6 1-0


[Site "https://www.chess.com"]

[Event "Titled Tuesday Blitz April 18 Late 2023"]
[White "Deac, Bogdan-Daniel"]
[Black "Mendez Fortes, Eduardo Jesus"]
[WhiteFideId "1226380"]
[BlackFideId "3502376"]
[WhiteElo "2649"]
[BlackElo "2307"]
[Result "1-0"]
[Round "08"]
[TimeControl "180+2"]
[Date "2023.04.18"]
[WhiteClock "0:02:39"]
[BlackClock "0:01:33"]

1. b3 d5 2. Bb2 Nf6 3. e3 e6 4. c4 c5 5. Nf3 Nc6 6. cxd5 exd5 7. Bb5 Bd6 8. O-O O-O 9. Bxc6 bxc6 10. d3 a5 11. Nc3 h6 12. Na4 Bg4 13. h3 Bh5 14. Rc1 Nd7 15. d4 cxd4 16. Qxd4 f6 17. Rxc6 Ne5 18. Qxd5+ Bf7 19. Qxd6 Nxc6 20. Qxc6 Qd3 21. Qc3 Qe2 22. Nd4 Qa6 23. Qc6 Qd3 24. Qc2 Qa6 25. Nc5 Qa7 26. a3 Rfc8 27. b4 axb4 28. axb4 Rab8 29. Bc3 Qc7 30. Na6 1-0


[Site "https://www.chess.com"]

[Event "Titled Tuesday Blitz April 18 Late 2023"]
[White "Hakobyan, Aram"]
[Black "Sabuk, Piotr"]
[WhiteFideId "13306677"]
[BlackFideId "1137565"]
[WhiteElo "2584"]
[BlackElo "2298"]
[Result "1-0"]
[Round "08"]
[TimeControl "180+2"]
[Date "2023.04.18"]
[WhiteClock "0:02:13"]
[BlackClock "0:01:16"]

1. d4 Nf6 2. c4 e6 3. Nc3 Bb4 4. e3 O-O 5. a3 Bxc3+ 6. bxc3 c5 7. Ne2 b6 8. Ng3 Bb7 9. Bd3 Bxg2 10. Rg1 Bb7 11. e4 cxd4 12. cxd4 d5 13. e5 Ne4 14. Bxe4 dxe4 15. Nh5 Qh4 16. Rxg7+ Kh8 17. Bg5 Qxh2 18. Bf6 Nd7 19. Rg8+ Kxg8 20. Qg4# 1-0


[Site "https://www.chess.com"]

[Event "Titled Tuesday Blitz April 18 Late 2023"]
[White "Vivekananthan, Anish"]
[Black "Duda, Jan-Krzysztof"]
[WhiteFideId "2090775"]
[BlackFideId "1170546"]
[WhiteElo "2838"]
[BlackElo "2790"]
[Result "0-1"]
[Round "08"]
[TimeControl "180+2"]
[Date "2023.04.18"]
[WhiteClock "0:00:01"]
[BlackClock "0:00:07"]

1. d4 f5 2. Nf3 Nf6 3. c4 d6 4. g3 g6 5. Bg2 Bg7 6. O-O O-O 7. Nc3 c6 8. b3 a5 9. Bb2 Na6 10. Qc2 Bd7 11. Rfe1 b5 12. a3 Rb8 13. Nd2 Nh5 14. Bxc6 Bxc6 15. cxb5 Rxb5 16. Nxb5 Bxb5 17. e3 Nf6 18. Rac1 Nd5 19. Nc4 Bh6 20. Rcd1 Nac7 21. Nxa5 Ne6 22. Nc4 Ng5 23. Qe2 Qa8 24. h4 Ne4 25. Qc2 g5 26. hxg5 Nxg5 27. Qe2 Nf6 28. d5 Bg7 29. a4 Ba6 30. Kh2 Ng4+ 31. Kg2 Bxc4 32. bxc4 Qxa4 33. Bxg7 Kxg7 34. Ra1 Qe8 35. Rh1 Kg6 36. Ra7 h5 37. Qb2 Ne4 38. Qb7 Nexf2 39. Re1 Nd3 40. Re2 Rf7 41. Qb3 Nc5 42. Qb2 Qf8 43. Qd4 Qg7 44. Qf4 Qe5 45. Kf3 Nd3 46. Qxe5 Ngxe5+ 47. Kg2 Nxc4 48. Ra8 Nb6 49. Rg8+ Kh7 50. Rb8 Nxd5 51. e4 fxe4 52. Rxe4 Ne5 53. Rh4 Ne3+ 54. Kh3 Rf5 55. Re8 Ng6 56. Re4 Ng4 57. Kg2 Rf2+ 58. Kg1 Rf7 59. Rd8 Kh6 60. Rd4 Kg5 61. Re4 Rf3 62. Kg2 Rf2+ 63. Kg1 Rd2 64. Rg8 Kf5 65. Ra4 N4e5 66. Rb4 d5 67. Kf1 d4 0-1


[Site "https://www.chess.com"]

[Event "Titled Tuesday Blitz April 18 Late 2023"]
[White "Andreikin, Dmitry"]
[Black "Costachi, Mihnea"]
[WhiteFideId "4158814"]
[BlackFideId "1217518"]
[WhiteElo "2736"]
[BlackElo "2456"]
[Result "1-0"]
[Round "08"]
[TimeControl "180+2"]
[Date "2023.04.18"]
[WhiteClock "0:01:04"]
[BlackClock "0:00:06"]

1. d4 Nf6 2. c4 g6 3. Nc3 Bg7 4. e4 O-O 5. Be3 d6 6. h3 Na6 7. Nf3 e5 8. d5 Nc5 9. Nd2 a5 10. g4 Ne8 11. Rg1 Bf6 12. g5 Be7 13. h4 Ng7 14. Be2 f5 15. gxf6 Bxf6 16. h5 gxh5 17. Nb3 Nxb3 18. axb3 Kh8 19. Qd2 Bh4 20. O-O-O Bxf2 21. Rg2 Bxe3 22. Qxe3 Bg4 23. Bxg4 hxg4 24. Rxg4 Qf6 25. Rh1 Rf7 26. Ne2 Rg8 27. Ng3 Ne8 28. Rxg8+ Kxg8 29. Nf5 Kf8 30. Rh6 Qh8 31. Re6 h5 32. Qa7 Rf6 33. Rxe8+ Kxe8 34. Qb8+ Kf7 35. Qxh8 1-0


[Site "https://www.chess.com"]

[Event "Titled Tuesday Blitz April 18 Late 2023"]
[White "Baskakov, Egor"]
[Black "Bortnyk, Olexandr"]
[WhiteFideId "24197866"]
[BlackFideId "14120828"]
[WhiteElo "2212"]
[BlackElo "2734"]
[Result "1/2-1/2"]
[Round "08"]
[TimeControl "180+2"]
[Date "2023.04.18"]
[WhiteClock "0:00:35"]
[BlackClock "0:00:23"]

1. e4 Nf6 2. Nc3 d5 3. exd5 Nxd5 4. g3 g6 5. Bg2 c6 6. Nge2 Bg7 7. O-O O-O 8. Nxd5 cxd5 9. d4 Nc6 10. c3 Bf5 11. h3 h5 12. Nf4 Be4 13. f3 Bf5 14. g4 hxg4 15. hxg4 Bc8 16. Nd3 e5 17. dxe5 Nxe5 18. Nxe5 Bxe5 19. Qe1 Re8 20. Qf2 d4 21. Bd2 Qd6 22. Rae1 Bd7 23. Rxe5 Qxe5 24. cxd4 Qe2 25. d5 Qxf2+ 26. Kxf2 Bb5 27. Re1 Rxe1 28. Bxe1 Bc4 29. d6 Bxa2 30. f4 Rd8 31. Bb4 b6 32. Ke3 f6 33. f5 gxf5 34. gxf5 Kf7 35. Bc6 Bb1 36. Bd5+ Kg7 37. Be6 Bc2 38. d7 Ba4 39. Be7 Rxd7 40. Bxd7 Bxd7 41. Kf4 Kf7 42. Bd6 Bc6 43. Bb8 a6 44. Ba7 b5 45. b4 Bd5 46. Bc5 Bc4 47. Bd4 Ba2 48. Bc3 Bb1 49. Bd4 Bc2 50. Bc3 Bb3 51. Bd4 Ba2 52. Bc3 Bb1 53. Bd4 Ke7 54. Bc3 Bc2 55. Bd4 Bd3 56. Bc3 Bc2 57. Bd4 Bb1 58. Bc3 Bd3 59. Bd4 a5 60. bxa5 Kd7 61. Bxf6 Kc6 62. Bc3 b4 63. Bxb4 Bxf5 64. Kxf5 Kb7 65. Ke6 Ka8 66. Kd7 Kb8 67. Kc6 Ka8 68. Bd6 Ka7 69. Kb5 Ka8 70. a6 Ka7 71. Bb8+ Ka8 72. a7 Kb7 73. Kc5 Ka8 74. Kc6 1/2-1/2


[Site "https://www.chess.com"]

[Event "Titled Tuesday Blitz April 18 Late 2023"]
[White "Sadhwani, Raunak"]
[Black "Timmermans, Mark"]
[WhiteFideId "35093487"]
[BlackFideId "1026399"]
[WhiteElo "2631"]
[BlackElo "2460"]
[Result "1-0"]
[Round "08"]
[TimeControl "180+2"]
[Date "2023.04.18"]
[WhiteClock "0:02:28"]
[BlackClock "0:02:08"]

1. Nf3 Nf6 2. b3 d5 3. Bb2 c5 4. e3 Nc6 5. Bb5 e6 6. Bxc6+ bxc6 7. O-O Be7 8. d3 a5 9. c4 a4 10. Nc3 axb3 11. axb3 Rxa1 12. Bxa1 O-O 13. Na4 Nd7 14. Ne5 Nxe5 15. Bxe5 d4 16. e4 Bd7 17. Qc2 Qa5 18. Bf4 Rb8 19. Bxb8 1-0


[Site "https://www.chess.com"]

[Event "Titled Tuesday Blitz April 18 Late 2023"]
[White "Makridis, Dimitrios"]
[Black "Svane, Frederik"]
[WhiteFideId "25864475"]
[BlackFideId "12923044"]
[WhiteElo "2277"]
[BlackElo "2502"]
[Result "0-1"]
[Round "08"]
[TimeControl "180+2"]
[Date "2023.04.18"]
[WhiteClock "0:00:04"]
[BlackClock "0:01:29"]

1. e4 e6 2. d4 d5 3. Nc3 Nf6 4. e5 Nfd7 5. f4 c5 6. Nf3 Nc6 7. Be3 a6 8. Qd2 b5 9. Be2 Qb6 10. O-O cxd4 11. Nxd4 Bc5 12. Rad1 Nxd4 13. Bxd4 Bb7 14. Kh1 Bxd4 15. Qxd4 b4 16. Na4 Qxd4 17. Rxd4 a5 18. Bb5 Ba6 19. Bxa6 Rxa6 20. Ra1 Rc6 21. Rd2 g5 22. fxg5 Nxe5 23. b3 Ke7 24. a3 Rhc8 25. axb4 axb4 26. Ra2 Kd6 27. Kg1 Ng4 28. Re2 d4 29. Re4 Ne3 30. Rxd4+ Ke5 31. Rd3 Ke4 32. Rd2 Rxc2 33. Raxc2 Rxc2 34. Rxc2 Nxc2 35. Nc5+ Kd4 36. Nd7 Na1 37. Kf2 Nxb3 38. Ke2 Nc5 39. Nf6 b3 40. Kd1 Ne4 41. Nxh7 Kc3 42. Nf6 Nxf6 43. gxf6 b2 0-1


[Site "https://www.chess.com"]

[Event "Titled Tuesday Blitz April 18 Late 2023"]
[White "Begmuratov, Alisher"]
[Black "Kramnik, Vladimir"]
[WhiteFideId "14203367"]
[BlackFideId "4101588"]
[WhiteElo "2387"]
[BlackElo "2712"]
[Result "0-1"]
[Round "08"]
[TimeControl "180+2"]
[Date "2023.04.18"]
[WhiteClock "0:00:04"]
[BlackClock "0:00:13"]

1. d4 Nf6 2. Nf3 e6 3. Bf4 b6 4. e3 Be7 5. Bd3 c5 6. c3 cxd4 7. exd4 Ba6 8. h3 O-O 9. O-O Bxd3 10. Qxd3 Nc6 11. a4 Qc8 12. Nbd2 Qb7 13. Nc4 d5 14. Nce5 Ne4 15. Nxc6 Qxc6 16. Ne5 Qb7 17. f3 Nd6 18. Rfe1 Rac8 19. Re2 a6 20. Rae1 b5 21. axb5 axb5 22. Ng4 b4 23. cxb4 Qxb4 24. Bd2 Qb6 25. Ne5 Nf5 26. Bc3 Rc7 27. Qd2 Bf6 28. Ba5 Qa7 29. Bxc7 Qxc7 30. g4 Nh4 31. Rf1 Rb8 32. Qf4 h6 33. Kh1 Rb3 34. Rc1 Bxe5 35. dxe5 Qb7 36. g5 Rb4 37. Qg3 Nf5 38. Qg2 hxg5 39. Qxg5 d4 40. Re4 Qa8 41. Rg1 Rxb2 42. h4 Rf2 43. h5 Rxf3 44. Qg4 Re3 45. h6 Qxe4+ 46. Qxe4 Rxe4 47. hxg7 d3 0-1


[Site "https://www.chess.com"]

[Event "Titled Tuesday Blitz April 18 Late 2023"]
[White "Durarbayli, Vasif"]
[Black "Bilych, Olexiy"]
[WhiteFideId "13402935"]
[BlackFideId "14156504"]
[WhiteElo "2551"]
[BlackElo "2320"]
[Result "1-0"]
[Round "08"]
[TimeControl "180+2"]
[Date "2023.04.18"]
[WhiteClock "0:00:05"]
[BlackClock "0:00:03"]

1. e4 c5 2. Nf3 d6 3. d4 cxd4 4. Nxd4 Nf6 5. Nc3 a6 6. Be2 e5 7. Nb3 Be7 8. Be3 Be6 9. O-O O-O 10. Re1 Nbd7 11. a4 Nb6 12. a5 Nc4 13. Bxc4 Bxc4 14. Nc1 Rc8 15. Nd3 Be6 16. Nb4 Rc4 17. Nbd5 Nxd5 18. Nxd5 Rxe4 19. b3 Bg5 20. Qd3 f5 21. Nc3 Bxe3 22. Nxe4 Bd4 23. Nd2 Bxa1 24. Rxa1 Qc7 25. c4 Qc5 26. Qc3 Bd7 27. Rd1 Qc7 28. Nf1 Bc6 29. Qb4 Rf6 30. f3 f4 31. Nd2 Rg6 32. Qb6 Qe7 33. b4 Qg5 34. Qf2 h5 35. Rb1 h4 36. b5 Bd7 37. Ne4 Qd8 38. bxa6 bxa6 39. Qb6 Qf8 40. Kf2 h3 41. g3 fxg3+ 42. hxg3 Bg4 43. Qb8 h2 44. Qxf8+ Kxf8 45. fxg4 Rxg4 46. Kf3 Rg6 47. Rh1 Rh6 48. Kg2 Ke7 49. Nc3 Rg6 50. Nd5+ Ke6 51. Rxh2 Rg4 52. Ne3 Rd4 53. Kf3 Rd3 54. Ra2 Rc3 55. Ke4 g6 56. g4 Rc1 57. Ra3 Rd1 58. Rb3 Rd4+ 59. Kf3 Rf4+ 60. Ke2 g5 61. Rb6 Rf8 62. Rxa6 Rc8 63. Kd3 Rc5 64. Nf5 e4+ 65. Kd4 e3 66. Rxd6+ Kf7 1-0


[Site "https://www.chess.com"]

[Event "Titled Tuesday Blitz April 18 Late 2023"]
[White "Larino Nieto, David"]
[Black "Zhigalko_Sergei"]
[WhiteFideId "2256444"]
[WhiteElo "2506"]
[BlackElo "2911"]
[Result "1-0"]
[Round "08"]
[TimeControl "180+2"]
[Date "2023.04.18"]
[WhiteClock "0:00:17"]
[BlackClock "0:00:01"]

1. e4 c5 2. Nc3 Nc6 3. g3 g6 4. Bg2 Bg7 5. d3 Rb8 6. f4 b5 7. Nf3 b4 8. Nd5 e6 9. Ne3 Nge7 10. O-O d5 11. e5 a5 12. g4 f6 13. f5 exf5 14. gxf5 fxe5 15. fxg6 hxg6 16. Ng5 Bf5 17. Nxf5 Nxf5 18. Ne6 Qh4 19. Nxg7+ Nxg7 20. h3 Qd4+ 21. Kh2 Nf5 22. Bg5 Kd7 23. Rc1 Qxb2 24. Bxd5 Kd6 25. Bg2 Ncd4 26. Qg4 Qxa2 27. Bf6 Qe6 28. Qxg6 Rbg8 29. Bxe5+ Ke7 30. Qxe6+ Kxe6 31. Rce1 Rxg2+ 32. Kxg2 Rg8+ 33. Kh2 Nxc2 34. Re2 Nce3 35. Bf4 Kd5 36. Bxe3 b3 37. Rxf5+ 1-0


[Site "https://www.chess.com"]

[Event "Titled Tuesday Blitz April 18 Late 2023"]
[White "Mihajlov, Sebastian"]
[Black "Ibrahimli, Murad"]
[WhiteFideId "1512110"]
[BlackFideId "13410229"]
[WhiteElo "2478"]
[BlackElo "2364"]
[Result "0-1"]
[Round "08"]
[TimeControl "180+2"]
[Date "2023.04.18"]
[WhiteClock "0:00:42"]
[BlackClock "0:01:25"]

1. e4 c5 2. Nf3 a6 3. d4 cxd4 4. Qxd4 Nc6 5. Qd1 Nf6 6. Nc3 d6 7. Bg5 Bg4 8. h3 Bh5 9. g4 Bg6 10. Bd3 e6 11. Qe2 Be7 12. h4 h5 13. Bxf6 gxf6 14. gxh5 Bxh5 15. Qe3 Bf8 16. Nd4 Qb6 17. Nxc6 Qxe3+ 18. fxe3 bxc6 19. Kd2 a5 20. Ne2 Rb8 21. b3 d5 22. Raf1 Be7 23. Nd4 Kd7 24. exd5 cxd5 25. a4 Rbg8 26. Bb5+ Kd6 27. Nc6 Rg2+ 28. Kc3 Rc8 29. e4 Rxc6+ 30. Bxc6 Kxc6 31. exd5+ Kxd5 32. Rh3 f5 33. Rd3+ Kc6 34. Rf4 Bf6+ 0-1


[Site "https://www.chess.com"]

[Event "Titled Tuesday Blitz April 18 Late 2023"]
[White "Averjanov, Alexey"]
[Black "Hansen, Eric"]
[WhiteFideId "14109867"]
[BlackFideId "2606771"]
[WhiteElo "2655"]
[BlackElo "2561"]
[Result "0-1"]
[Round "08"]
[TimeControl "180+2"]
[Date "2023.04.18"]
[WhiteClock "0:00:07"]
[BlackClock "0:00:10"]

1. d4 Nf6 2. c4 Nc6 3. Nf3 e6 4. g3 d5 5. Nbd2 Bb4 6. Qc2 dxc4 7. Qxc4 Qd5 8. Qxd5 exd5 9. a3 Bd6 10. Bg2 O-O 11. O-O Re8 12. e3 Bf5 13. b3 a5 14. Bb2 h6 15. Rfc1 Ra6 16. Ne5 Rb6 17. Nxc6 bxc6 18. Rc3 Reb8 19. Rac1 Bd7 20. Bf1 R6b7 21. Bd3 h5 22. h4 g6 23. Kf1 Ra8 24. Kg2 Rbb8 25. Kf1 Rb6 26. Kg2 Kf8 27. Kf1 Ke7 28. Kg2 Kd8 29. Kf1 Kc8 30. Kg2 Kb7 31. Kf1 Re8 32. Kg2 Ng4 33. Nf3 Re7 34. Nh2 Nh6 35. Nf3 Nf5 36. Re1 f6 37. Rec1 Ka7 38. Re1 Rb8 39. Rec1 Rbe8 40. Bb1 Kb7 41. Re1 Rg8 42. Rh1 Nh6 43. Bd3 Ng4 44. Bb1 Be8 45. Bc2 g5 46. Bb1 Rgg7 47. Rhc1 gxh4 48. Nxh4 Nxf2 49. Nf5 Ng4 50. Nxe7 Rxe7 51. Kf3 Nh2+ 52. Kg2 Ng4 53. Kf3 Rg7 54. Rg1 Nh2+ 55. Kf2 Ng4+ 56. Kf3 Nh2+ 57. Kf2 Rg5 58. Bd3 Ng4+ 59. Kf3 Bd7 60. Bc1 Kc8 61. Rc2 Rg8 62. Re2 f5 63. Rh1 Nf6 64. Rg2 Kd8 65. a4 Ke7 66. Bd2 Ra8 67. Bc2 Kf7 68. Rgh2 Kg6 69. Rg2 Ne4 70. Bxe4 fxe4+ 71. Ke2 Bg4+ 72. Kf2 Bf3 73. Rgh2 Bxh1 74. Rxh1 Rb8 75. Rb1 Rf8+ 76. Kg2 Rf3 77. Re1 Rxg3+ 78. Kf2 Kf5 79. Bxa5 h4 80. Rh1 h3 81. Be1 Rg2+ 82. Kf1 Kg4 83. a5 Ra2 84. Rg1+ Kf3 85. Rg6 h2 86. Rh6 Kxe3 87. Rh3+ Kf4 88. a6 Kg4 89. Rh8 Rxa6 90. Rg8+ Kf5 91. Rf8+ Ke6 92. Rh8 Ra2 93. b4 Rb2 94. Rh6+ Kf5 95. Rh5+ Kg4 96. Rh7 e3 97. Rg7+ Kf4 98. Rf7+ Ke4 99. Rh7 Rc2 100. Rh4+ Kd3 101. Rh3 Rb2 102. Rh4 Ra2 103. Rh3 Ra1 104. Rh4 Bxb4 105. Kg2 Rxe1 106. Kxh2 Bc3 107. Rh3 Bxd4 108. Rh7 Re2+ 109. Kg3 Rf2 110. Rxc7 Be5+ 111. Kg4 Bxc7 112. Kh3 Ke4 113. Kg4 Be5 114. Kh3 Kf5 115. Kh4 Rh2# 0-1


[Site "https://www.chess.com"]

[Event "Titled Tuesday Blitz April 18 Late 2023"]
[White "Amburgy, Ryan"]
[Black "Bartel, Mateusz"]
[WhiteFideId "30924820"]
[BlackFideId "1112635"]
[WhiteElo "2134"]
[BlackElo "2521"]
[Result "0-1"]
[Round "08"]
[TimeControl "180+2"]
[Date "2023.04.18"]
[WhiteClock "0:00:05"]
[BlackClock "0:00:26"]

1. d4 Nf6 2. c4 Nc6 3. Nf3 e6 4. Nc3 Bb4 5. Qc2 d6 6. Bd2 O-O 7. a3 Bxc3 8. Bxc3 Re8 9. g3 e5 10. d5 e4 11. Nh4 Ne5 12. Bxe5 Rxe5 13. e3 c6 14. dxc6 bxc6 15. Be2 Bh3 16. Bf1 Qd7 17. Ng2 g5 18. Rd1 Qe6 19. Qc3 Rd8 20. Rg1 Bg4 21. Nf4 Qf5 22. Be2 Bxe2 23. Nxe2 Ng4 24. Rg2 Qf3 25. Kf1 Rf5 26. Kg1 Nxf2 27. Rf1 Nh3+ 0-1


[Site "https://www.chess.com"]

[Event "Titled Tuesday Blitz April 18 Late 2023"]
[White "Rustemov, Alexander"]
[Black "Di Berardino, Diego Rafael"]
[WhiteFideId "4119002"]
[BlackFideId "2105446"]
[WhiteElo "2863"]
[BlackElo "2432"]
[Result "1-0"]
[Round "08"]
[TimeControl "180+2"]
[Date "2023.04.18"]
[WhiteClock "0:01:11"]
[BlackClock "0:00:06"]

1. d4 d5 2. c4 e6 3. Nc3 Nf6 4. cxd5 exd5 5. Bg5 Be7 6. e3 c6 7. Bd3 O-O 8. Qc2 h6 9. Bh4 Re8 10. Nf3 Nh5 11. Bxe7 Qxe7 12. O-O Nf6 13. h3 Nbd7 14. Rab1 a5 15. a3 b5 16. Rfc1 Bb7 17. Ne2 a4 18. Nf4 Ne4 19. Bf1 Nb6 20. Nd3 Nc4 21. Nfe5 Rad8 22. Re1 Rd6 23. Rbc1 Bc8 24. b3 axb3 25. Qxb3 f6 26. Nf3 Qf7 27. a4 bxa4 28. Qxa4 g5 29. Nc5 g4 30. hxg4 Bxg4 31. Nh2 Bc8 32. Rxc4 dxc4 33. Bxc4 Rd5 34. Qxc6 Red8 35. Nxe4 1-0


[Site "https://www.chess.com"]